 Dungeon Crawl Stone Soup version 0.26-a0-812-g31a745ddcd (webtiles) character file.

Game seed: 15159736293699537888

4984 sanka the Covert (level 10, -7/49 HPs)
             Began as a Spriggan Enchanter on Dec 9, 2020.
             Was a Priest of Ru.
             Mangled by a two-headed ogre
             ... wielding a cursed +0 giant club
              (17 damage)
             ... on level 8 of the Dungeon.
             The game lasted 00:18:48 (10823 turns).

sanka the Covert (Spriggan Enchanter)              Turns: 10823, Time: 00:18:49

Health: -7/49      AC:  8    Str:  4      XL:     10   Next: 29%
Magic:  16/20      EV: 24    Int: 16      God:    Ru [***...]
Gold:   634        SH:  0    Dex: 20 (21) Spells: 9/21 levels left

rFire    x . .     SeeInvis +   a - +4 dagger (vamp)
rCold    + . .     Faith    .   (shield restricted)
rNeg     . . .     Spirit   .   m - +0 robe
rPois    .         Reflect  .   u - +2 hat
rElec    .         Harm     .   (no cloak)
rCorr    .         Rampage  .   (gloves unavailable)
MR       +....                  (boots unavailable)
Stlth    +++++.....             (no amulet)
HPRegen  0.16/turn              B - +4 ring of protection (curse)
MPRegen  0.17/turn              C - ring of ice

@: lightly drained, very quick
A: very small, unfitting armour, see invisible, speed 3, inability to use
devices, inability to train armour
a: Draw Out Power, Renounce Religion


You were on level 8 of the Dungeon.
You worshipped Ru.
Ru was most pleased with you.
You visited 1 branch of the dungeon, and saw 9 of its levels.

You collected 634 gold pieces.


Innate Abilities, Weirdness & Mutations

You are very small and have problems with some larger weapons.
You are too small for most types of armour.
You have supernaturally acute eyesight. (SInv)
You cover ground extremely quickly.
You cannot study or use magical devices.
You cannot train Armour skill.


   Skills:
 + Level 3.2(2.8) Fighting
 - Level 8.0(7.6) Short Blades
 + Level 8.2(7.8) Dodging
 - Level 12.0(11.5) Stealth
 - Level 6.0(5.6) Spellcasting
 - Level 10.0(9.6) Hexes


You had 9 spell levels left.
You knew the following spells:

 Your Spells              Type           Power        Failure   Level
x - Tukima's Dance        Hex            #####...     1%          3
y - Dazzling Flash        Conj/Hex       ###...       6%          3
z - Ensorcelled Hibernat  Hex/Ice        ####..       3%          2
X - Confusing Touch       Hex            #####...     1%          3
Z - Corona                Hex            #####..      1%          1

Your spell library contained the following spells:

 Spells                   Type           Power        Failure   Level
 Cause Fear               Hex            #####.....   2%          4
 Sting                    Tmut/Pois      #...         14%         1
 Poisonous Vapours        Pois/Air       #.....       22%         2
 Ignite Poison            Fire/Tmut/Pois #.......     41%         3
 Mephitic Cloud           Conj/Pois/Air  #.......     41%         3
 Silence                  Hex/Air        ###.......   50%         5
 Yara's Violent Unravell  Hex/Tmut       ###.......   50%         5
 Olgreb's Toxic Radiance  Pois           #.......     82%         4
 Discord                  Hex            #####.....   100%        8

Inventory:

Hand Weapons
 a - a +4 vampiric dagger (weapon)
 b - a +2 short sword of chaos
 D - a +4 short sword of venom
Missiles
 F - 4 curare-tipped darts {=f}
Armour
 m - a +0 robe (worn)
 u - a +2 hat (worn)
Jewellery
 v - the ring "Eptoitz" {rCorr Int+3}

   [ring of resist corrosion]

   It affects your intelligence (+3).
   It provides partial protection from all sources of acid and corrosion.
 y - an uncursed ring of magical power
 B - a cursed +4 ring of protection (left hand)
 C - a ring of ice (right hand)
Scrolls
 c - 3 scrolls of enchant weapon
 h - a scroll of enchant armour
 j - 5 scrolls of immolation {!r}
 k - 9 scrolls of remove curse
 l - 2 scrolls of magic mapping
 p - 7 scrolls of teleportation {@r4}
 s - 2 scrolls of blinking
 z - a scroll of fear
 E - a scroll of torment {!r}
 G - a scroll of amnesia
Potions
 d - a potion of magic {unknown}
 e - 2 potions of resistance
 f - 6 potions of curing {@q1}
 g - 2 potions of lignification {!q}
 i - 2 potions of attraction {unknown}
 n - a potion of invisibility {unknown}
 q - 2 potions of cancellation
 r - 2 potions of brilliance
 x - a potion of heal wounds {unknown}

Dungeon Overview and Level Annotations

Branches:
Dungeon (9/15)             Temple (0/1) D:6
   Lair: D:8-11         Orc: D:9-12

Altars:
Cheibriados
Elyvilon
Gozag
Kikubaaqudgha
Okawaru
Ru
Sif Muna
Trog
Uskayaw
Xom
Yredelemnul
Zin
The Shining One

Shops:
D:4 }

Annotations:
D:8 exclusion: ice statue

.▒▒.......▒▒.▒▒▒.▒
▒▒..)▒▒
.....▒▒....▒..▒▒.▒
▒▒▒▒▒
.▒▒▒..........▒▒.▒
'▒▒▒........▒..▒.▒
............▒▒.▒.▒
......▒▒▒▒..▒▒...▒
.....▒......▒▒▒..▒
▒▒▒▒▒▒......▒▒▒yO▒
▒ ▒.▒▒......zi▒
▒▒▒▒▒▒.▒▒...▒▒▒▒▒▒
.†.........▒▒▒
.............▒
.............▒
▒▒▒▒▒▒▒......▒
▒......▒ ▒..(...▒
▒......▒


You could see a two-headed ogre, a killer bee (asleep) and a wight.


Message History

a scroll of noise {!r}; 2 potions of degeneration {!q}; an uncursed staff of death The killer bee barely misses you.
The two-headed ogre misses you. The two-headed ogre misses you.
The killer bee closely misses you.
You climb upwards.
Level annotation: exclusion: ice statue
There is a stone staircase leading down here.
Unknown command.
Unknown command.
Okay, then.
Aiming: Ensorcelled Hibernation (safe; 2% risk of failure)
Aim: a killer bee (chance to defeat MR: 68%)
The killer bee struggles to resist.
The killer bee stings you. The wight barely misses you.
The two-headed ogre barely misses you.
The two-headed ogre hits you with a +0 giant club!!
* * * LOW HITPOINT WARNING * * *
The killer bee barely misses you.
Unknown command.
Aiming: Ensorcelled Hibernation (safe; 2% risk of failure)
Aim: a killer bee (chance to defeat MR: 68%)
The killer bee looks drowsy...
The wight hits you with a cursed +4 great sword!
* * * LOW HITPOINT WARNING * * *
You feel drained.
* * * LOW HITPOINT WARNING * * *
The two-headed ogre hits you with a cursed +0 giant club!
You die...

Action                   |  1- 3 |  4- 6 |  7- 9 | 10-12 || total
-------------------------+-------+-------+-------+-------++-------
Melee: Dagger            |    53 |    85 |   181 |    25 ||   344
 Cast: Corona            |     1 |       |       |       ||     1
       Ensorcelled Hiber |    19 |    47 |   104 |     8 ||   178
       Confusing Touch   |       |     1 |    13 |     1 ||    15
Invok: Sacrifice Artific |       |       |     1 |       ||     1
       Sacrifice Durabil |       |       |     1 |       ||     1
  Use: Potion            |     1 |       |     2 |       ||     3
       Scroll            |       |       |       |    13 ||    13
 Stab: Sleeping          |    27 |    29 |    76 |     6 ||   138
       Distracted        |     1 |       |       |       ||     1
       Confused          |       |     1 |    13 |     3 ||    17
Armor: Robe              |     2 |     7 |    17 |     1 ||    27
Dodge: Dodged            |    25 |   101 |   152 |    12 ||   290

Levels and vault maps discovered:
D:1:      elethiomel_arrival_maze, layout_basic, minmay_tromino_v7
D:2:      layout_rooms, gammafunk_temple_overflow_statue,
          kennysheep_slug_shrine, old_standard_altar, led_sif_pool,
          old_standard_altar, uniq_sigmund
D:3:      cheibrodos_helix_gallery, layout_rooms, lemuel_round_altar,
          cheibrodos_gnoll_hut
D:4:      layout_loops_ring, serial_shops, kennysheep_mini, grunt_tough_drop
D:5:      layout_basic, chequers_temple_overflow_statue_of_worship
D:6:      layout_gridville, lemuel_doored_altar, minmay_temple_entry_junction_2,
          minmay_misc_feat_rugged
D:7:      layout_basic, basic_altar, minmay_a_box_with_orc_wizards_in_it,
          uniq_menkaure, uniq_duvessa
D:8:      lemuel_ice_statue, layout_basic, gammafunk_temple_overflow_pools,
          gammafunk_ghost_nasty_kobolds, uniq_erica
D:9:      layout_long_grid, nicolae_overflow_crystal_walls,
          introduction_to_nature_2

Notes
Turn   | Place    | Note
-------+----------+-------------------------------------------
     0 | D:1      | sanka the Spriggan Enchanter began the quest for the Orb.
     0 | D:1      | Reached XP level 1. HP: 9/9 MP: 5/5
   241 | D:1      | Reached skill level 5 in Stealth
   308 | D:1      | Reached XP level 2. HP: 5/13 MP: 4/6
   493 | D:1      | Learned a level 2 spell: Ensorcelled Hibernation
  1549 | D:2      | Reached skill level 6 in Stealth
  1690 | D:2      | Reached XP level 3. HP: 8/16 MP: 2/8
  2168 | D:2      | Reached skill level 7 in Stealth
  2172 | D:2      | Found a snail-covered altar of Cheibriados.
  2285 | D:2      | Found a glowing silver altar of Zin.
  2436 | D:2      | Found a glowing golden altar of the Shining One.
  2520 | D:2      | Found an iron altar of Okawaru.
  2520 | D:2      | Noticed Sigmund
  2522 | D:2      | Found a bloodstained altar of Trog.
  2527 | D:2      | Killed Sigmund
  2527 | D:2      | Reached skill level 8 in Stealth
  2527 | D:2      | Reached skill level 4 in Short Blades
  2527 | D:2      | Reached XP level 4. HP: 21/21 MP: 6/9
  2527 | D:2      | Reached XP level 5. HP: 24/24 MP: 6/10
  2560 | D:2      | Learned a level 3 spell: Confusing Touch
  2564 | D:2      | Learned a level 3 spell: Dazzling Flash
  2660 | D:2      | Found a shimmering blue altar of Sif Muna.
  2723 | D:3      | Reached XP level 6. HP: 28/28 MP: 2/11
  2971 | D:3      | Reached skill level 5 in Short Blades
  3336 | D:3      | Found a sacrificial altar of Ru.
  3344 | D:3      | Became a worshipper of Ru the Awakened
  3386 | D:3      | Reached skill level 3 in Spellcasting
  3389 | D:3      | Reached skill level 4 in Hexes
  4112 | D:3      | Reached skill level 5 in Hexes
  4456 | D:5      | Entered Level 5 of the Dungeon
  4690 | D:4      | Reached XP level 7. HP: 26/32 MP: 3/12
  4960 | D:4      | Reached skill level 6 in Hexes
  5035 | D:4      | Got a pitted amber ring
  5036 | D:4      | Identified the ring "Eptoitz" {rCorr Int+3} (You found it
                  | on level 4 of the Dungeon)
  5454 | D:4      | Found Biywn's Gadget Emporium.
  5477 | D:4      | Gained mutation: You cannot study or use magical devices.
                  | [Ru sacrifice]
  5477 | D:4      | Reached * piety under Ru
  5477 | D:4      | Reached ** piety under Ru
  5893 | D:5      | Reached skill level 7 in Hexes
  6302 | D:5      | Found an opulent altar of Gozag.
  6309 | D:5      | Found an ancient bone altar of Kikubaaqudgha.
  6756 | D:5      | Reached skill level 8 in Hexes
  7223 | D:6      | Reached skill level 4 in Dodging
  7288 | D:6      | Found a basalt altar of Yredelemnul.
  7340 | D:6      | Found a staircase to the Ecumenical Temple.
  7471 | D:6      | Reached skill level 1 in Fighting
  7564 | D:6      | Reached XP level 8. HP: 32/37 MP: 13/13
  7596 | D:6      | Reached skill level 5 in Dodging
  7791 | D:6      | Reached skill level 6 in Dodging
  7799 | D:6      | Reached skill level 2 in Fighting
  8273 | D:7      | Found a hide-covered altar of Uskayaw.
  8294 | D:7      | Noticed Dowan
  8294 | D:7      | Noticed Duvessa
  8306 | D:7      | Killed Duvessa
  8306 | D:7      | Reached skill level 7 in Dodging
  8309 | D:7      | Killed Dowan
  8578 | D:7      | Reached skill level 8 in Dodging
  8594 | D:7      | Reached skill level 3 in Fighting
  8685 | D:7      | Gained mutation: You cannot train Armour skill. [Ru
                  | sacrifice]
  8685 | D:7      | Reached *** piety under Ru
  8736 | D:7      | Noticed Menkaure
  8746 | D:7      | Killed Menkaure
  8746 | D:7      | Reached skill level 9 in Stealth
  9053 | D:7      | Reached skill level 10 in Stealth
  9210 | D:7      | Learned a level 3 spell: Tukima's Dance
  9370 | D:8      | Reached XP level 9. HP: 44/44 MP: 11/14
  9462 | D:8      | Reached skill level 11 in Stealth
  9536 | D:8      | Noticed an ice statue
  9585 | D:8      | Found a runed translucent gate.
  9585 | D:8      | Found a runed translucent gate.
  9585 | D:8      | Found a runed translucent gate.
  9588 | D:8      | Noticed a kobold demonologist
  9589 | D:8      | Noticed MoonlitKnight's ghost (novice MfGl)
  9764 | D:8      | Reached skill level 12 in Stealth
  9872 | D:8      | Noticed Erica
  9876 | D:8      | Killed Erica
  9876 | D:8      | Reached skill level 8 in Short Blades
 10036 | D:8      | Found a shimmering altar of Xom.
 10037 | D:8      | Found a white marble altar of Elyvilon.
 10189 | D:8      | Reached skill level 4 in Spellcasting
 10263 | D:8      | Noticed an orange demon
 10272 | D:8      | Noticed a sun demon
 10328 | D:8      | Killed a kobold demonologist
 10328 | D:8      | Reached skill level 5 in Spellcasting
 10328 | D:8      | Reached skill level 9 in Hexes
 10328 | D:8      | Reached XP level 10. HP: 49/49 MP: 4/18
 10548 | D:8      | Killed MoonlitKnight's ghost
 10548 | D:8      | Reached skill level 6 in Spellcasting
 10548 | D:8      | Reached skill level 10 in Hexes
 10802 | D:9      | Noticed a two-headed ogre
 10823 | D:8      | Mangled by a two-headed ogre

Vanquished Creatures
  Erica (D:8)
  The ghost of MoonlitKnight the Spear-Bearer, a novice MfGl of Zin (D:8)
  A kobold demonologist (D:8)
  Sigmund (D:2)
  Menkaure (D:7)
  Duvessa (D:7)
  2 sky beasts
  2 ogres (D:8)
  2 centaurs
  10 big kobolds (D:8)
  4 bullfrogs
  Dowan (D:7)
  2 scorpions
  3 wights (D:8)
  3 howler monkeys (D:8)
  2 quasits
  A centaur skeleton (D:6)
  4 orc priests
  5 hounds
  10 orc wizards
  2 iguanas
  8 worker ants
  2 hound skeletons
  11 gnolls
  8 adders
  3 shadow imps
  A white imp (D:5)
  An ooze (D:5)
  2 adder skeletons (D:8)
  3 worms
  2 dart slugs (D:2)
  20 orcs
  2 ball pythons
  3 giant cockroaches
  7 goblins
  4 hobgoblins
  6 jackals
  5 quokkas
  7 bats
  4 frilled lizards
  7 kobolds
  4 rats
169 creatures vanquished.

Vanquished Creatures (others)
  An adder (D:8)
  A fungus (D:8)
  3 plants (D:8)
5 creatures vanquished.

Grand Total: 174 creatures vanquished
